 Dungeon Crawl Stone Soup version 0.23.2-11-gf996548c65 (webtiles) character file.

Game seed: 13095192918126933964

69721 PentaManta the Spry (level 15, 0/97 HPs)
             Began as a Halfling Hunter on June 4, 2019.
             Was the Champion of Okawaru.
             Slain by a jumping spider (3 damage)
             ... on level 2 of the Spider Nest.
             The game lasted 01:25:17 (23790 turns).

PentaManta the Spry (Halfling Hunter)              Turns: 23790, Time: 01:25:17

Health: 0/97       AC: 25    Str: 18    XL:     15   Next: 75%
Magic:  15/15      EV: 10    Int:  9    God:    Okawaru [******]
Gold:   1516       SH:  0    Dex: 17    Spells: 14/14 levels left

rFire    + . .     SeeInvis .   a - +5 fustibalus
rCold    + . .     Gourm    .   (shield restricted)
rNeg     . . .     Faith    .   E - +3 chain mail {rC+}
rPois    +         Spirit   .   n - +0 helmet
rElec    .         Reflect  .   x - +0 cloak {rPois}
rCorr    .         Harm     .   G - +2 pair of gloves of the Purple Skies {rF+}
MR       +....                  s - +0 pair of boots
Stlth    ..........             y - amulet of regeneration
HPRegen  0.66/turn              m - +6 ring of slaying
MPRegen  0.14/turn              (no ring)

@: held
A: small, mutation resistance 1
a: Heroism, Finesse, Renounce Religion


You were on level 2 of the Spider Nest.
You worshipped Okawaru.
Okawaru was exalted by your worship.
You were very hungry.

You visited 4 branches of the dungeon, and saw 23 of its levels.

You collected 1516 gold pieces.

Inventory:

Hand Weapons
 a - a +5 fustibalus (weapon)
 M - a +5 arbalest of freezing
 Q - a +0 blowgun
Missiles
 d - 91 sling bullets
 j - 579 stones (quivered)
 t - 2 throwing nets
 T - 6 curare-tipped needles
Armour
 n - a +0 helmet (worn)
 s - a +0 pair of boots (worn)
 x - a +0 cloak of poison resistance (worn)
 z - a +4 crystal plate armour
 C - a +3 ring mail of fire resistance
 E - a +3 chain mail of cold resistance (worn)
 G - the +2 pair of gloves of the Purple Skies (worn) {rF+}
   (Okawaru gifted it to you on level 4 of the Lair of Beasts)

   It protects you from fire.
 Y - a scarf of repulsion
 Z - the +1 buckler of Kindness {-Cast rPois rC- rN+++}
   (You found it on level 3 of the Lair of Beasts)

   It makes you vulnerable to cold.
   It protects you from poison.
   It renders you almost immune to negative energy.
   It prevents spellcasting.
Jewellery
 m - a +6 ring of slaying (left hand)
 y - an amulet of regeneration (around neck)
 U - a +3 amulet of reflection
Wands
 b - a wand of digging (13)
 p - a wand of polymorph (11)
 I - a wand of random effects (22)
 K - a wand of enslavement (12)
 L - a wand of iceblast (22)
 R - a wand of disintegration (14)
 S - a wand of flame (20)
 V - a wand of clouds (5)
Scrolls
 e - 6 scrolls of remove curse
 i - a scroll of identify
 l - a scroll of amnesia
 o - 3 scrolls of fear
 r - 5 scrolls of enchant weapon
 D - 7 scrolls of teleportation
 F - 4 scrolls of magic mapping
 N - a scroll of fog
 P - a scroll of summoning
 X - 2 scrolls of blinking
Potions
 c - a potion of resistance
 g - 3 potions of might
 k - 5 potions of curing
 u - 5 potions of agility
 v - 3 potions of haste
 w - 2 potions of heal wounds
 A - 2 potions of invisibility
 B - 2 potions of cancellation
 H - a potion of ambrosia
 J - 4 potions of brilliance
 O - 6 potions of mutation
 W - a potion of berserk rage
Miscellaneous
 h - a sack of spiders
 q - a box of beasts
Comestibles
 f - 29 rations


   Skills:
 + Level 7.5 Fighting
 + Level 12.9 Slings
 * Level 12.0 Crossbows
 - Level 16.0 Armour
 - Level 16.0 Dodging
 - Level 1.1 Stealth


You had 14 spell levels left.
You didn't know any spells.
Your spell library contained the following spells:

 Spells                   Type           Power        Failure   Level  Hunger
 Animate Skeleton         Necr           N/A          94%         1    ##.....
 Apportation              Tloc           #.....       94%         1    ##.....
 Confusing Touch          Hex            #.....       94%         1    ##.....
 Freeze                   Ice            #...         94%         1    ##.....
 Magic Dart               Conj           #...         94%         1    ##.....
 Pain                     Necr           #...         94%         1    ##.....
 Sting                    Conj/Pois      #...         94%         1    ##.....
 Summon Small Mammal      Summ           #...         94%         1    ##.....
 Call Imp                 Summ           #.......     98%         2    ###....
 Ensorcelled Hibernation  Hex/Ice        #.....       98%         2    ###....
 Searing Ray              Conj           #.....       98%         2    ###....
 Throw Flame              Conj/Fire      #.....       98%         2    ###....
 Throw Frost              Conj/Ice       #.....       98%         2    ###....
 Call Canine Familiar     Summ           #.......     100%        3    ####...
 Dazzling Spray           Conj/Hex       #.....       100%        3    ####...
 Ozocubu's Armour         Chrm/Ice       #.......     100%        3    ####...
 Recall                   Summ/Tloc      N/A          100%        3    ####...
 Regeneration             Chrm/Necr      #.........   100%        3    ####...
 Static Discharge         Conj/Air       #.......     100%        3    ####...
 Summon Guardian Golem    Hex/Summ       #.......     100%        3    ####...
 Vampiric Draining        Necr           #.........   100%        3    ####...
 Animate Dead             Necr           N/A          100%        4    #####..
 Force Lance              Conj/Tloc      #.......     100%        4    #####..
 Fulminant Prism          Conj/Hex       #.........   100%        4    #####..
 Iskenderun's Mystic Bla  Conj           #.......     100%        4    #####..
 Olgreb's Toxic Radiance  Pois           #.......     100%        4    #####..
 Summon Ice Beast         Ice/Summ       #.......     100%        4    #####..
 Summon Lightning Spire   Summ/Air       #.......     100%        4    #####..
 Throw Icicle             Conj/Ice       #.......     100%        4    #####..
 Aura of Abjuration       Summ           #.........   100%        5    ######.
 Fireball                 Conj/Fire      #.........   100%        5    ######.
 Lightning Bolt           Conj/Air       #.........   100%        5    ######.
 Summon Demon             Summ           #.........   100%        5    ######.
 Summon Forest            Summ/Tloc      #.........   100%        5    ######.
 Summon Mana Viper        Hex/Summ       #.......     100%        5    ######.
 Venom Bolt               Conj/Pois      #.........   100%        5    ######.
 Ozocubu's Refrigeration  Ice            #.........   100%        6    #######
 Shadow Creatures         Summ           N/A          100%        6    #######
 Ignition                 Fire           #.........   100%        8    #######
 Shatter                  Erth           #.........   100%        9    #######
 Tornado                  Air            #.........   100%        9    #######


Dungeon Overview and Level Annotations

Branches:
Dungeon (13/15)            Temple (1/1) D:4            Lair (6/6) D:10
 Shoals (0/4) Lair:4       Spider (3/4) Lair:2        Slime (0/5) Lair:6
    Orc (0/2) D:10
 Vaults: D:13-14

Altars:
Ashenzari
Cheibriados
Dithmenos
Elyvilon
Fedhas
Gozag
Hepliaklqana
Kikubaaqudgha
Makhleb
Nemelex Xobeh
Okawaru
Qazlal
Ru
Sif Muna
Trog
Uskayaw
Vehumet
Wu Jian
Xom
Yredelemnul
Zin
The Shining One
Jiyva


Innate Abilities, Weirdness & Mutations

You are small and have problems with some larger weapons.
You are somewhat resistant to further mutation.


Message History

The stone barely misses the jumping spider.
The jumping spider pounces on you!! The jumping spider barely misses you.
You are too injured to fight recklessly!
You are too injured to fight recklessly!
The jumping spider pounces on you but does no damage.
The jumping spider closely misses you. The jumping spider pounces on you.
The jumping spider completely misses you.
The jumping spider pounces on you!!
* * * LOW HITPOINT WARNING * * *
The jumping spider bites you but does no damage.
The jumping spider completely misses you.
The jumping spider bites you.
* * * LOW HITPOINT WARNING * * *
The jumping spider pounces on you but does no damage.
The jumping spider completely misses you.
The jumping spider pounces on you!!
* * * LOW HITPOINT WARNING * * *
You are caught in a web!
The jumping spider closely misses you. The jumping spider pounces on you.
You die...

....#...............##
..#........#......^#.###
....#.#..#.............###
..#................#.....#
[...#......#.............#
..#...............#......###
.............#.........^#..#
.......<......#............#
....#.(=.#...^..@.#.....^..##
.................s..#.......#
...#..#.#..#.......#^^......#
..........................>##
^#...#......#...^.#........###
....^..........^.....>.#...#.#
.....#.#............#.(......#
..............#......#.(.....#
.......#..#.............#...##


You could see a jumping spider (berserk).

Vanquished Creatures
  Kirke (Spider:1)
  An emperor scorpion (Spider:2)
  An ice dragon (Lair:6)
  Erolcha (D:12)
  6 hydras
  A centaur warrior (D:12)
  3 two-headed ogres
  Sonja (Lair:1)
  2 lindwurms (Lair:6)
  5 orb spiders
  11 wolf spiders
  2 ugly things
  An oklob plant (Lair:2)
  4 cyclopes
  5 elephants (Lair:6)
  9 spiny frogs
  3 black mambas
  3 gargoyles
  8 torpor snails
  7 komodo dragons
  4 rime drakes (Lair:6)
  6 demonic crawlers
  15 jumping spiders
  4 trolls
  8 hornets
  21 blink frogs
  3 tyrant leeches (Lair:6)
  6 dream sheep (Lair:6)
  4 hippogriffs
  38 redbacks
  5 tarantellas
  26 yaks
  A water elemental (D:12)
  2 wyverns
  A basilisk (Lair:5)
  2 hogs (Spider:1)
  2 hungry ghosts
  Grum (D:10)
  A steam dragon (Lair:6)
  2 acid dragons
  A soldier ant (D:7)
  9 water moccasins
  3 sky beasts
  10 porcupines
  5 black bears
  6 ice beasts
  6 orc warriors
  4 phantoms
  A necrophage (D:8)
  8 ogres
  7 wolves
  11 centaurs
  8 crocodiles
  2 big kobolds
  13 bullfrogs
  A wyvern skeleton (D:10)
  3 scorpions
  A killer bee (D:6)
  10 wights
  4 howler monkeys
  14 electric eels
  A crimson imp (D:10)
  3 bullfrog zombies
  A jelly (D:6)
  A bullfrog skeleton (D:12)
  8 orc priests
  6 hounds
  Jessica (D:2)
  7 iguanas
  9 orc wizards
  7 worker ants
  A hound zombie (D:6)
  A hound skeleton (D:4)
  A howler monkey zombie (D:9)
  A worker ant zombie (D:7)
  Robin (D:2)
  3 gnolls (D:5)
  9 adders
  3 shadow imps
  An adder skeleton (D:4)
  An adder zombie (D:7)
  2 worms (D:3)
  A dart slug (D:3)
  2 leopard geckos
  54 orcs
  7 bats
  7 giant cockroaches
  18 goblins
  11 hobgoblins
  14 jackals
  3 quokkas
  3 ball pythons
  8 frilled lizards
  A giant cockroach zombie (D:6)
  A jackal skeleton (D:6)
  14 kobolds
  15 rats
  A fungus (Lair:6)
582 creatures vanquished.

Vanquished Creatures (collateral kills)
  A storm dragon (D:13)
  2 jellies (D:9)
  An adder (D:9)
4 creatures vanquished.

Vanquished Creatures (others)
  A demonic crawler (Spider:1)
  A jumping spider (Spider:2)
  An adder (D:6)
  A giant cockroach (D:6)
  29 fungi
  17 plants
50 creatures vanquished.

Grand Total: 636 creatures vanquished

Notes
Turn   | Place    | Note
-------+----------+-------------------------------------------
     0 | D:1      | PentaManta the Halfling Hunter began the quest for the Orb.
     0 | D:1      | Reached XP level 1. HP: 14/14 MP: 1/1
    73 | D:1      | Reached XP level 2. HP: 19/19 MP: 2/2
   813 | D:2      | Reached XP level 3. HP: 24/24 MP: 3/3
   877 | D:2      | Noticed a scorpion
   901 | D:2      | Killed a scorpion
   901 | D:2      | Reached XP level 4. HP: 8/29 MP: 4/4
  1291 | D:2      | Noticed Robin
  1307 | D:2      | Killed Robin
  1315 | D:2      | Reached XP level 5. HP: 34/34 MP: 5/5
  1318 | D:2      | Noticed Jessica
  1326 | D:2      | Killed Jessica
  1463 | D:2      | Found an opulent altar of Gozag.
  1464 | D:2      | Found an ancient bone altar of Kikubaaqudgha.
  1832 | D:2      | Found an iron altar of Okawaru.
  1924 | D:2      | Became a worshipper of Warmaster Okawaru
  2010 | D:2      | Found an opulent altar of Gozag.
  2231 | D:3      | Found a sparkling altar of Nemelex Xobeh.
  2537 | D:3      | Reached XP level 6. HP: 39/39 MP: 6/6
  2550 | D:3      | Noticed a moth of wrath
  2553 | D:3      | Found a bloodstained altar of Trog.
  3002 | D:3      | Reached skill level 10 in Slings
  3492 | D:4      | Noticed a phantom
  3510 | D:4      | Killed a phantom
  3565 | D:4      | Reached * piety under Okawaru
  3565 | D:4      | Reached XP level 7. HP: 44/44 MP: 7/7
  3876 | D:4      | Found a staircase to the Ecumenical Temple.
  3925 | D:4      | HP: 2/44 [poisoned by a worker ant]
  4230 | Temple   | Entered the Ecumenical Temple
  4729 | D:5      | Entered Level 5 of the Dungeon
  5235 | D:5      | Reached skill level 1 in Armour
  5342 | D:5      | Reached XP level 8. HP: 48/49 MP: 8/8
  5818 | D:5      | Reached ** piety under Okawaru
  6149 | D:6      | Reached skill level 5 in Dodging
  6532 | D:6      | Found a sacrificial altar of Ru.
  6545 | D:6      | Reached skill level 5 in Armour
  6577 | D:6      | Reached XP level 9. HP: 38/54 MP: 9/9
  6789 | D:6      | Reached *** piety under Okawaru
  7043 | D:6      | Identified the Guide on Hurtful Ice
  7562 | D:7      | Noticed a hippogriff
  7570 | D:7      | Killed a hippogriff
  7570 | D:7      | Received a gift from Okawaru
  8283 | D:7      | Received a gift from Okawaru
  8565 | D:8      | Reached XP level 10. HP: 40/60 MP: 10/10
  8837 | D:8      | Identified the Handbook of the Glacier and Poisoning
  9454 | D:9      | Found a transporter.
  9488 | D:9      | Found a transporter.
  9631 | D:9      | Found a glowing golden altar of the Shining One.
  9908 | D:9      | Reached skill level 10 in Dodging
  9917 | D:9      | Reached **** piety under Okawaru
 10060 | D:10     | Entered Level 10 of the Dungeon
 10060 | D:10     | Noticed Grum
 10072 | D:10     | Killed Grum
 10164 | D:10     | Reached skill level 10 in Armour
 10486 | D:10     | Reached XP level 11. HP: 64/64 MP: 11/11
 10537 | D:10     | Found a staircase to the Lair.
 10541 | D:10     | Reached ***** piety under Okawaru
 10738 | D:10     | Received a gift from Okawaru
 10956 | D:10     | Found a staircase to the Orcish Mines.
 11065 | D:10     | Received a gift from Okawaru
 12076 | D:11     | Received a gift from Okawaru
 12201 | D:11     | Noticed a cyclops
 12210 | D:11     | Killed a cyclops
 12325 | D:11     | Noticed a two-headed ogre
 12334 | D:11     | Killed a two-headed ogre
 12334 | D:11     | Reached XP level 12. HP: 70/70 MP: 12/12
 12856 | D:12     | Noticed a centaur warrior
 12868 | D:12     | Killed a centaur warrior
 12954 | D:12     | Noticed a two-headed ogre
 12961 | D:12     | Killed a two-headed ogre
 13217 | D:12     | Noticed Erolcha
 13225 | D:12     | Killed Erolcha
 13260 | D:12     | Noticed a two-headed ogre
 13314 | D:12     | Killed a two-headed ogre
 13961 | D:13     | Noticed a storm dragon
 13982 | D:13     | Killed a storm dragon
 13982 | D:13     | Received a gift from Okawaru
 13982 | D:13     | Reached XP level 13. HP: 39/74 MP: 13/13
 14229 | D:13     | Noticed a storm dragon
 14267 | D:13     | Got a faintly glowing broad axe
 14398 | Lair:1   | Entered Level 1 of the Lair of Beasts
 14437 | Lair:1   | Reached ****** piety under Okawaru
 14536 | Lair:1   | Received a gift from Okawaru
 14726 | Lair:1   | Got a crude long sword
 14990 | Lair:1   | Noticed Sonja
 15010 | Lair:1   | Killed Sonja
 15010 | Lair:1   | Reached skill level 15 in Dodging
 15321 | Lair:2   | Reached skill level 15 in Armour
 16236 | Lair:2   | Found a hole to the Spider Nest.
 16598 | Lair:3   | Got a slimy buckler
 16631 | Lair:3   | Noticed a seven-headed hydra
 16639 | Lair:3   | Killed a seven-headed hydra
 16875 | Lair:3   | Identified the +1 buckler of Kindness {-Cast rPois rC-
                  | rN+++} (You found it on level 3 of the Lair of Beasts)
 16875 | Lair:3   | Identified the +6 long sword of the Traitor {protect, Str+6
                  | Int+3} (You found it on level 1 of the Lair of Beasts)
 16881 | Lair:3   | Identified the +9 broad axe of Oneyqobi {holy, Str+4
                  | Stlth+} (You found it on level 13 of the Dungeon)
 17429 | Lair:4   | Found a staircase to the Shoals.
 18241 | Lair:4   | Received a gift from Okawaru
 18250 | Lair:4   | Got a pair of slimy gloves {god gift}
 18261 | Lair:4   | Identified the +2 pair of gloves of the Purple Skies {rF+}
                  | (Okawaru gifted it to you on level 4 of the Lair of Beasts)
 18917 | Lair:5   | Noticed an eight-headed hydra
 18925 | Lair:5   | Killed an eight-headed hydra
 19052 | Lair:6   | Entered Level 6 of the Lair of Beasts
 19062 | Lair:6   | Noticed a five-headed hydra
 19071 | Lair:6   | Killed a five-headed hydra
 19161 | Lair:6   | Reached XP level 14. HP: 80/80 MP: 14/14
 19268 | Lair:6   | Reached skill level 1 in Crossbows
 19532 | Lair:6   | Reached skill level 5 in Crossbows
 19786 | Lair:6   | Received a gift from Okawaru
 19928 | Lair:6   | Found a runed translucent door.
 20265 | Lair:6   | Found a viscous altar of Jiyva.
 20265 | Lair:6   | Found a staircase to the Slime Pits.
 20604 | Lair:6   | Reached skill level 5 in Fighting
 21193 | Spider:1 | Entered Level 1 of the Spider Nest
 21305 | Spider:1 | Reached XP level 15. HP: 41/94 MP: 15/15
 21703 | Spider:1 | Reached skill level 10 in Crossbows
 21899 | Spider:1 | Noticed Kirke
 22015 | Spider:1 | Killed Kirke
 22015 | Spider:1 | Received a gift from Okawaru
 22498 | Spider:2 | Noticed an emperor scorpion
 23176 | Spider:2 | Received a gift from Okawaru
 23235 | Spider:2 | Killed an emperor scorpion
 23790 | Spider:2 | HP: 3/97 [jumping spider (18)]
 23790 | Spider:2 | Slain by a jumping spider

Skill      XL: |  1  2  3  4  5  6  7  8  9 10 11 12 13 14 15 |
---------------+----------------------------------------------+-----
Slings         | 6 7 8 9 11 12 | 12.9
Armour         | 2 5 8 10 12 14 15 16 | 16.0
Dodging        | 3 6 8 10 12 14 15 16 | 16.0
Fighting       | 5 7 |  7.5
Crossbows      | 9 12 | 12.0
Stealth        | |  1.1

Action                   |  1- 3 |  4- 6 |  7- 9 | 10-12 | 13-15 || total
-------------------------+-------+-------+-------+-------+-------++-------
 Fire: Hunting sling     |    57 |   301 |   597 |   748 |  1139 ||  2842
       Fustibalus        |       |       |       |       |   279 ||   279
Throw: Stone             |       |       |       |       |     3 ||     3
       Throwing net      |       |       |       |       |     2 ||     2
Invok: Heroism           |       |       |       |     2 |     2 ||     4
       Finesse           |       |       |       |       |     1 ||     1
Evoke: Wand              |       |       |       |    13 |     5 ||    18
       Sack of spiders   |       |       |       |     2 |       ||     2
  Use: Scroll            |       |       |       |    26 |    14 ||    40
       Potion            |       |       |       |     6 |     9 ||    15
  Eat: Chunk             |       |     8 |    10 |    16 |    10 ||    44
       Ration            |       |       |     1 |       |     5 ||     6
Armor: Leather armour    |     2 |    14 |     6 |       |       ||    22
       Ring mail         |       |       |    47 |    58 |    19 ||   124
       Plate armour      |       |       |       |       |     9 ||     9
       Chain mail        |       |       |       |       |   148 ||   148
       Crystal plate arm |       |       |       |       |   514 ||   514
Dodge: Dodged            |     8 |    61 |   130 |   202 |   828 ||  1229
       Deflected         |       |       |       |     8 |     6 ||    14
